AoeStats
← Kenchard

QS Arena

503529499Analyzed
3v3 RM · 1mo ago on Sep 1, 2026· 58m 15s· 6 players
Game mode
Random Map
Map size
Normal (6 player)
Population
200
Speed
Normal
Resources
Standard
Victory
Conquest
Starting age
Dark Age
Ending age
Imperial Age
RankedLock teamsTeams togetherTeam positionsShared explorationLock speedFull tech treeHidden civsTurbo modeCheats
Victory
Defeat
🇮🇳 Malay · India
1239
+13
🇨🇱 Spanish · Chile
1114
+19
🇨🇱 Britons · Chile
1101
+19
🇦🇷 Magyars · Argentina
1203
-18
🇪🇨 Persians · Ecuador
1196
-18
🇪🇨 Turks · Ecuador
1117
-14
Gushy
4:52 Loom
8:10 Feudal Age
12:31 Castle Age
10:45 Horse Collar
11:58 Double-Bit Axe
29:59 Imperial Age
28:46 Scale Barding Armor
28:52 Forging
28:32 Fletching
29:48 Wheelbarrow
28:59 Town Watch
31:03 Husbandry
31:14 Bloodlines
31:30 Bow Saw
31:23 Heavy Plow
32:51 Hoardings
34:03 Conscription
33:49 Fletching
34:35 Iron Casting
34:21 Chain Barding Armor
39:16 Bodkin Arrow
40:23 Blast Furnace
41:50 Fortified Wall
42:35 Caravan
46:32 Hand Cart
48:10 Two-Man Saw
gabrielldu64
9:10 Feudal Age
13:41 Castle Age
11:47 Double-Bit Axe
12:40 Horse Collar
15:29 Loom
17:16 Heavy Plow
19:05 Bow Saw
21:19 Wheelbarrow
22:22 Hand Cart
23:41 Heavy Plow
30:23 Imperial Age
28:40 Scale Barding Armor
29:02 Gold Mining
30:22 Bloodlines
30:16 Husbandry
30:47 Chain Barding Armor
30:31 Cavalier
31:40 Conscription
32:07 Plate Barding Armor
32:32 Gold Shaft Mining
35:10 Paladin
39:32 Fletching
39:43 Padded Archer Armor
39:29 Elite Skirmisher
41:57 Chemistry
41:19 Ballistics
43:54 Bodkin Arrow
44:15 Leather Archer Armor
46:57 Bracer
53:57 Corvinian Army
spectro
6:39 Loom
8:42 Feudal Age
9:14 Town Watch
13:50 Castle Age
12:52 Double-Bit Axe
15:19 Wheelbarrow
16:56 Hand Cart
26:23 Imperial Age
24:13 Hand Cart
24:51 Bow Saw
24:34 Horse Collar
25:08 Fletching
25:28 Elite Skirmisher
26:15 Thumb Ring
27:01 Bodkin Arrow
27:06 Padded Archer Armor
27:34 Ballistics
27:50 Heavy Plow
28:17 Bloodlines
28:09 Husbandry
29:25 Leather Archer Armor
30:05 Town Patrol
30:11 Cavalier
31:55 Ring Archer Armor
33:30 Chemistry
33:18 Scale Barding Armor
33:24 Forging
35:32 Savar
36:38 Chain Barding Armor
36:53 Iron Casting
38:12 Caravan
38:27 Gold Mining
39:16 Plate Barding Armor
40:07 Blast Furnace
46:57 Elite War Elephant
47:45 Scale Mail Armor
47:28 Pikeman
48:11 Squires
49:08 Halberdier
50:22 Light Cavalry
54:28 Two-Man Saw
54:14 Chain Mail Armor
54:18 Hussar
57:43 Plate Mail Armor
maniaaaaaac
9:07 Feudal Age
10:48 Loom
13:31 Castle Age
11:39 Double-Bit Axe
11:48 Horse Collar
14:09 Bow Saw
16:09 Fletching
21:40 Bodkin Arrow
23:50 Forging
28:55 Wheelbarrow
28:52 Husbandry
30:26 Scale Barding Armor
33:41 Iron Casting
35:54 Imperial Age
35:28 Husbandry
36:30 Blast Furnace
35:31 Light Cavalry
36:52 Hand Cart
37:55 Conscription
39:18 Elite Battle Elephant
40:31 Gold Mining
Kenchard
8:34 Loom
11:02 Feudal Age
11:55 Double-Bit Axe
14:34 Castle Age
13:17 Stone Mining
13:20 Gold Mining
14:37 Town Watch
15:02 Double-Bit Axe
16:00 Horse Collar
24:14 Bow Saw
24:52 Bloodlines
24:45 Husbandry
24:55 Bloodlines
25:44 Bloodlines
29:34 Imperial Age
28:51 Stone Shaft Mining
29:14 Wheelbarrow
29:01 Scale Barding Armor
28:48 Fletching
28:46 Light Cavalry
31:15 Conscription
31:20 Supremacy
31:45 Bodkin Arrow
32:15 Ballistics
35:03 Chain Barding Armor
35:44 Masonry
36:42 Cavalier
38:14 Architecture
38:55 Plate Barding Armor
38:33 Forging
45:28 Elite Conquistador
46:46 Hoardings
Thomas
8:12 Feudal Age
13:31 Castle Age
11:52 Double-Bit Axe
19:11 Loom
20:04 Wheelbarrow
20:06 Fletching
23:03 Gold Mining
23:25 Bow Saw
23:43 Horse Collar
24:25 Bodkin Arrow
24:31 Padded Archer Armor
26:22 Ballistics
29:20 Imperial Age
28:08 Gold Shaft Mining
27:24 Stone Mining
28:45 Yeomen
29:55 Hand Cart
32:42 Chemistry
32:19 Bracer
32:34 Leather Archer Armor
35:41 Elite Longbowman
37:39 Ring Archer Armor
39:42 Conscription
40:47 Squires
44:23 Warwolf
Connection lost

Rejoining the realm…

Still unreachable

The connection could not be restored.

Session expired

The server has moved on; the page needs a fresh start.